 Dungeon Crawl Stone Soup version 0.31-a0-803-g95b03c3367 (webtiles) character file.

Game seed: 5169000459139743223

72 Maratek the Firebug (level 4, -5/27 HPs)
             Began as an Octopode Fire Elementalist on Sept 20, 2023.
             Killed from afar by an orc wizard (9 damage)
             ... with a magic dart
             ... on level 3 of the Dungeon.
             The game lasted 00:03:42 (2353 turns).

Maratek the Firebug (Octopode Fire Elementalist)    Turns: 2353, Time: 00:03:42

Health: -5/27      AC:  1    Str: 13    XL:     4   Next: 25%
Magic:  0/7        EV: 13    Int: 19    God:
Gold:   121        SH:  0    Dex: 12    Spells: 4/7 levels left

rFire   . . .        (no weapon)
rCold   . . .        (no shield)
rNeg    . . .        (helmet restricted)
rPois   .            b - amulet of regeneration
rElec   .            g - +6 ring of strength
rCorr   .            (no ring)
SInv    .            (no ring)
Will    .....        (no ring)
Stlth   +++          (no ring)
HPRegen 1.04/turn    (no ring)
MPRegen 0.10/turn    (no ring)
                     (no ring)

%: no passive effects
@: no status effects
A: almost no armour, amphibious, 8 rings, camouflage 1, gelatinous body 1,
(nimble swimmer 1), tentacles
a: no special abilities


You were on level 3 of the Dungeon.
You visited 1 branch of the dungeon, and saw 3 of its levels.

You collected 121 gold pieces.

Inventory:

Jewellery
 b - an amulet of regeneration (around mantle)
 g - a +6 ring of strength (left tentacle)
Scrolls
 f - a scroll of teleportation
 i - a scroll of amnesia {unknown}
 j - a scroll of enchant armour
 l - a scroll of brand weapon
 m - a scroll of noise {unknown}
 n - a scroll of fear
Potions
 a - a potion of magic
 c - a potion of lignification {unknown}
 d - a potion of resistance {unknown}
 e - a potion of brilliance {unknown}
 h - a potion of ambrosia {unknown}
 k - a potion of mutation {unknown}
 p - a potion of degeneration {unknown}


   Skills:
 + Level 2.1 Dodging
 + Level 2.9 Stealth
 + Level 0.5 Unarmed Combat
 + Level 2.3 Spellcasting
 + Level 1.6 Conjurations
 + Level 4.2 Fire Magic


You had 4 spell levels left.
You knew the following spells:

 Your Spells              Type           Power      Damage    Failure   Level
a - Foxfire               Conj/Fire      52%        2x1d6     4%          1
b - Scorch                Fire           36%        2d6       4%          2

Your spell library contained the following spells:

 Spells                   Type           Power      Damage    Failure   Level
 Inner Flame              Hex/Fire       10%        N/A       21%         3
 Volatile Blastmotes      Fire/Tloc      20%        2d11      21%         3
 Flame Wave               Conj/Fire      13%        2d6       43%         4


Dungeon Overview and Level Annotations

Branches:
Dungeon (3/15)

Altars:
Ru

Shops:
D:2 =(


Innate Abilities, Weirdness & Mutations

You cannot wear most types of armour.
You are amphibious.
You can wear up to eight rings at the same time.
Your skin changes colour to match your surroundings (Stealth+).
Your rubbery body absorbs attacks. (AC +1, EV +1)
((You are camouflaged when in or above water. (Stealth+)))
You have tentacles for arms and can constrict up to eight enemies at once.


Message History

You tentacle-slap the orc priest but do no damage.
You squeeze the orc priest.
The orc priest is moderately wounded.
You constrict the orc priest, but do no damage.
The orc completely misses you.
The orc priest hits you with a +0 dagger.
An orc wizard comes into view. It is wielding a +0 dagger.
You tentacle-slap the orc priest.
The orc priest is heavily wounded.
You constrict the orc priest, but do no damage.
The orc barely misses you.
The orc priest hits you with a +0 dagger.
You are too injured to fight recklessly!
You are too injured to fight recklessly!
Casting: Scorch (safe; 4% risk of failure)
Confirm with . or Enter, or press ? or * to list all spells.
You conjure some foxfire!
You constrict the orc priest. The orc hits you with a +0 whip.
The orc priest miscasts a cantrip.
You are too injured to fight recklessly!
You are too injured to fight recklessly!
You tentacle-slap the orc priest but do no damage.
The orc priest is heavily wounded.
You constrict the orc priest.
The foxfire hits the orc priest but does no damage.
The orc priest is severely wounded.
The foxfire hits the orc priest but does no damage.
The orc priest is severely wounded.
The orc priest hits you with a +0 dagger.
A goblin comes into view. It is wielding a +0 club.
The orc hits you but does no damage.
You release your grip on the orc priest.
The orc attacks as it pursues you! The orc misses you.
The orc priest mumbles some strange prayers to Beogh against you.
Beogh smites you!
* * * LOW HITPOINT WARNING * * *
The orc priest looks encouraged for a moment.
The orc wizard gestures at you while chanting.
The magic dart hits you!
You die...

#.##...... ######.####
#.##...... #.........#
#.##.....[ #.........#
#.##....# #.........#
#.##....# #.........#
..##....####.........#
#..>....'.......[....#
.#.#....#####'###'####
..#.............@.####
.#...########.###.o..#
#.............. +...)#
.^.........##.# #..o)......
......†....##.. #..........
...........###.!...#o......
###........# ##...........
#...###### #.g...#....#
#...# #.#...######


You could see an orc priest, an orc wizard, an orc and a goblin (wandering).

Vanquished Creatures
  3 adders
  4 orcs
  An endoplasm (D:1)
  2 giant cockroaches (D:2)
  5 goblins
  3 hobgoblins
  5 quokkas
  2 ball pythons (D:1)
  3 bats
  3 frilled lizards
  5 kobolds
  3 rats
39 creatures vanquished.

Vanquished Creatures (collateral kills)
  5 foxfires (D:1)
5 creatures vanquished.

Vanquished Creatures (others)
  81 foxfires
81 creatures vanquished.

Grand Total: 125 creatures vanquished

Notes
Turn   | Place    | Note
-------+----------+-------------------------------------------
     0 | D:1      | Maratek the Octopode Fire Elementalist began the quest for
                  | the Orb.
     0 | D:1      | Reached XP level 1. HP: 11/11 MP: 3/3
   135 | D:1      | Reached XP level 2. HP: 17/17 MP: 0/5
   371 | D:1      | Found a faded altar of an unknown god.
  1177 | D:2      | Found Fymiow's Antique Weapon Boutique.
  1322 | D:2      | Found Acuuraj's Jewellery Emporium.
  1535 | D:2      | Reached XP level 3. HP: 21/21 MP: 0/6
  2182 | D:3      | Learned a level 2 spell: Scorch
  2229 | D:3      | Reached skill level 4 in Fire Magic
  2247 | D:3      | Found a sacrificial altar of Ru.
  2339 | D:3      | Reached XP level 4. HP: 25/27 MP: 2/7
  2353 | D:3      | Killed from afar by an orc wizard

Illustrated notes

Levels and vault maps discovered:
D:1:      dpeg_arrival_shrine, layout_rooms, serial_forest,
          infiniplex_forest_lined_2, infiniplex_forest_clump_small,
          infiniplex_forest_lined_3, infiniplex_forest_lined_room_2,
          infiniplex_forest_straight_4, infiniplex_forest_end_2,
          infiniplex_forest_clump_tiny, infiniplex_forest_clump_curved,
          shapermc_ecumenical_altar_mp_urbaneastern
D:2:      minmay_razor_zed, layout_loops_ring, serial_shops,
          nicolae_shop_gaudy_bauble, shop
D:3:      layout_basic, nicolae_ru_awakened_eye

Skill      XL: |  1  2  3 |
---------------+----------+-----
Fire Magic     | 4 |  4.2
Dodging        | |  2.1
Stealth        | |  2.9
Unarmed Combat | |  0.5
Spellcasting   | |  2.3
Conjurations   | |  1.6

Action                     |  1- 3 |  4- 6 || total
---------------------------+-------+-------++-------
  Melee: Unarmed           |    36 |    10 ||    46
         Constrict         |    14 |     4 ||    18
         Tentacles         |     2 |     3 ||     5
   Cast: Foxfire           |    51 |     1 ||    52
         Scorch            |     5 |     1 ||     6
    Use: Scroll            |     6 |       ||     6
   Stab: Sleeping          |     1 |       ||     1
 Armour: Skin              |    22 |    11 ||    33
  Dodge: Dodged            |    32 |    13 ||    45

Table legend: (Time is in decaauts)
 A = Elapsed time spent in this place.
 B = Non-inter-level travel time spent in this place.
 C = Inter-level travel time spent in this place.
 D = Time resting spent in this place.
 E = Time spent auto-exploring this place.
 F = Levels seen in this place.
 G = Mean time per level.
                   A        B        C        D        E       F      G
               +--------+--------+--------+--------+--------+-----+--------+
         Total |   2351 |   2305 |     46 |      0 |   2020 |   3 |  783.7 |
       Dungeon |   2351 |   2305 |     46 |      0 |   2020 |   3 |  783.7 |
               +--------+--------+--------+--------+--------+-----+--------+

Top non-repeatable levels by time:
     D:2: 1241 daAuts
     D:1: 928 daAuts
     D:3: 181 daAuts
